 Dungeon Crawl Stone Soup version 0.29-a0-541-gaf1fc19f1b (webtiles) character file.

Game seed: 18051090610313277841

88 Hubjo the Firebug (level 4, -2/26 HPs)
             Began as a Deep Elf Fire Elementalist on June 2, 2022.
             Was a Believer of the Shining One.
             Slain by Robin
             ... wielding a +0 short sword
              (5 damage)
             ... on level 2 of the Dungeon.
             The game lasted 00:03:44 (3370 turns).

Hubjo the Firebug (Deep Elf Fire Elementalist)      Turns: 3370, Time: 00:03:44

Health: -2/26      AC:  2    Str:  5    XL:     4   Next: 30%
Magic:  0/11       EV: 12    Int: 20    God:    the Shining One [**....]
Gold:   115        SH:  4    Dex: 15    Spells: 9/10 levels left

rFire   + . .      SeeInvis .   (no weapon)
rCold   . . .      Faith    .   (no shield)
rNeg    + . .      Spirit   .   a - +0 robe
rPois   .          Reflect  .   (no helmet)
rElec   .          Harm     .   (no cloak)
rCorr   .          Rampage  .   (no gloves)
Will    .....                   (no boots)
Stlth   +.........              (no amulet)
HPRegen 0.08/turn               h - ring of protection from fire
MPRegen 0.12/turn               (no ring)

@: glowing
A: large bone plates 1, dopey 1
a: Renounce Religion, Divine Shield


You were on level 2 of the Dungeon.
You worshipped the Shining One.
The Shining One was pleased with you.
You visited 1 branch of the dungeon, and saw 3 of its levels.

You collected 115 gold pieces.

Inventory:

Missiles
 d - 2 throwing nets
Armour
 a - a +0 robe (worn)
Jewellery
 h - a ring of protection from fire (left hand)
Scrolls
 f - a scroll of immolation
 j - a scroll of fog
 m - a scroll of enchant armour
Potions
 b - a potion of magic
 c - a potion of curing


   Skills:
 * Level 1.9 Fighting
 - Level 2.4 Dodging
 + Level 3.4 Stealth
 + Level 3.8 Spellcasting
 - Level 1.1 Conjurations
 + Level 3.9 Fire Magic


You had 9 spell levels left.
You knew the following spells:

 Your Spells              Type           Power      Damage    Failure   Level
a - Foxfire               Conj/Fire      52%        2x1d6     4%          1

Your spell library contained the following spells:

 Spells                   Type           Power      Damage    Failure   Level
 Scorch                   Fire           38%        2d6       4%          2
 Conjure Flame            Conj/Fire      13%        6-21      14%         3
 Inner Flame              Hex/Fire       11%        N/A       17%         3
 Flame Wave               Conj/Fire      13%        2d6       43%         4


Dungeon Overview and Level Annotations

Branches:
Dungeon (3/15)

Altars:
Xom
The Shining One

Shops:
D:2 *[??

Annotations:
D:2 Robin


Innate Abilities, Weirdness & Mutations

You are partially covered in large bone plates. (SH +4)
You are dopey. (Int -2)


Message History

Robin roars a battlecry!
The goblins go into a battle-frenzy!
The hobgoblin attacks as you move away! You block the hobgoblin's attack.
The goblin attacks as you move away! You block the goblin's attack.
Casting: Foxfire (safe; 4% risk of failure)
Confirm with . or Enter, or press ? or * to list all spells.
You conjure some foxfire!
The goblin hits you with a +0 dagger. The goblin attacks as you move away!
The goblin completely misses you.
The foxfire hits the goblin.
The goblin is heavily wounded.
The foxfire hits the goblin.
The goblin is severely wounded.
The hobgoblin closely misses you. You block the hobgoblin's attack.
There is a stone staircase leading up here.
The goblin hits you with a +0 dagger. The hobgoblin closely misses you.
Robin's horned helmet rattles.
Robin throws the goblin at you!
You climb upwards.
There is a stone staircase leading down here.
Casting: Foxfire (safe; 4% risk of failure)
Confirm with . or Enter, or press ? or * to list all spells.
You conjure some foxfire!
The goblin hits you with a +0 dagger.
The hobgoblin hits you but does no damage.
Robin barely misses you.
You hit Robin but do no damage.
Robin is lightly wounded.
The foxfire hits Robin but does no damage.
Robin is lightly wounded.
The foxfire hits the goblin.
You kill the goblin!
Robin misses you. The hobgoblin hits you.
* * * LOW HITPOINT WARNING * * *
You hit Robin but do no damage.
Robin is lightly wounded.
The hobgoblin barely misses you. Robin completely misses you.
You barely miss Robin.
Robin is lightly wounded.
The hobgoblin closely misses you. Robin hits you with a +0 short sword.
You die...

.....≈≈.≈≈# #..#.......#
......≈.≈####.#######..#######
#...#...###..).#.............#
..####### #.....#............#
......# #..................#
#####.# #......##..........#
...#[.# #.......#.....)....#
..|#.######....g.)#..........#
...............g@............#
.....##.########.##..........#
###..##.# #.##.##########
....<.#.# #.##.# ###.....#
#....# # ####.## #.##.#
######..# #(##.#
#...).#.########.#####
#.###.#..#......)....#


You could see Robin and a hobgoblin (strong).

Vanquished Creatures
  3 adders
  2 worms
  A dart slug (D:1)
  An endoplasm (D:2)
  4 giant cockroaches
  14 goblins
  7 hobgoblins
  A quokka (D:2)
  2 ball pythons
  5 bats
  2 frilled lizards
  5 kobolds
  2 rats (D:1)
49 creatures vanquished.

Vanquished Creatures (others)
  306 foxfires
306 creatures vanquished.

Grand Total: 355 creatures vanquished

Notes
Turn   | Place    | Note
-------+----------+-------------------------------------------
     0 | D:1      | Hubjo the Deep Elf Fire Elementalist began the quest for
                  | the Orb.
     0 | D:1      | Reached XP level 1. HP: 10/10 MP: 6/6
   136 | D:1      | Found a faded altar of an unknown god.
   217 | D:1      | Prayed at the altar of an unknown god.
   217 | D:1      | Became a worshipper of the Shining One
   217 | D:1      | Reached * piety under the Shining One
   972 | D:1      | Reached XP level 2. HP: 16/16 MP: 4/8
  1286 | D:1      | Reached skill level 1 in Fighting
  2045 | D:2      | Reached XP level 3. HP: 20/20 MP: 1/9
  2500 | D:2      | Found Paownum's Magic Scroll Shop.
  2533 | D:2      | Found a shimmering altar of Xom.
  2700 | D:2      | Found Taemubun's Magic Scroll Boutique.
  2802 | D:2      | Reached ** piety under the Shining One
  2835 | D:2      | Gained mutation: You are dopey. (Int -2) [potion of
                  | mutation]
  2835 | D:2      | Gained mutation: You are partially covered in large bone
                  | plates. (SH +4) [potion of mutation]
  3029 | D:2      | Found Ganutoh's Assorted Antiques.
  3135 | D:2      | Found Baath's Armour Shop.
  3327 | D:3      | Reached XP level 4. HP: 26/26 MP: 7/11
  3330 | D:3      | Noticed Robin
  3370 | D:2      | Slain by Robin

Illustrated notes

Levels and vault maps discovered:
D:1:      matt_arrival_grand_opening, layout_basic,
          nicolae_ecumenical_snake_handling
D:2:      layout_basic, serial_shops, nicolae_shop_advertising_works
          [nicolae_subvault_shop_adworks], shop, nicolae_shop_behind_doors,
          nicolae_shop_waterfront, basic_altar
D:3:      layout_rooms, grunt_dithmenos_smoke, serial_shops, shop, uniq_robin,
          uniq_natasha

Skill      XL: |  1  2  3 |
---------------+----------+-----
Fighting       | 1 |  1.9
Stealth        | 3 |  3.4
Dodging        | |  2.4
Spellcasting   | |  3.8
Conjurations   | |  1.1
Fire Magic     | |  3.9

Action                   |  1- 3 |  4- 6 || total
-------------------------+-------+-------++-------
Melee: Unarmed           |    16 |     4 ||    20
 Cast: Foxfire           |   181 |    12 ||   193
  Use: Potion            |     8 |       ||     8
       Scroll            |     3 |       ||     3
Armor: Robe              |    19 |     4 ||    23
Dodge: Dodged            |    57 |    15 ||    72
Block: Other             |     2 |     8 ||    10

Table legend: (Time is in decaauts)
 A = Elapsed time spent in this place.
 B = Non-inter-level travel time spent in this place.
 C = Inter-level travel time spent in this place.
 D = Time resting spent in this place.
 E = Time spent auto-exploring this place.
 F = Levels seen in this place.
 G = Mean time per level.
                   A        B        C        D        E       F      G
               +--------+--------+--------+--------+--------+-----+--------+
         Total |   3371 |   3342 |     29 |      3 |   2869 |   3 | 1123.7 |
       Dungeon |   3371 |   3342 |     29 |      3 |   2869 |   3 | 1123.7 |
               +--------+--------+--------+--------+--------+-----+--------+

Top non-repeatable levels by time:
     D:1: 2023 daAuts
     D:2: 1211 daAuts
     D:3: 136 daAuts
